 Dungeon Crawl Stone Soup version 0.24-a0-493-g7e4ddcd485 (webtiles) character file.

Game seed: 11431551724910153400

128 KristoblXynda the Charmwright (level 4, 0/36 HPs)
             Began as a Draconian Skald on July 12, 2019.
             Killed from afar by an orc wizard (4 damage)
             ... with a puff of flame
             ... on level 3 of the Dungeon.
             The game lasted 00:04:02 (2383 turns).

KristoblXynda the Charmwright (Draconian Skald)     Turns: 2383, Time: 00:04:02

Health: 0/36       AC:  7    Str: 13 (14) XL:     4   Next: 86%
Magic:  2/7        EV: 13    Int: 11 (13) God:
Gold:   111        SH:  0    Dex: 10 (11) Spells: 6/7 levels left

rFire    . . .     SeeInvis .   a - +0 falchion
rCold    . . .     Gourm    .   (no shield)
rNeg     . . .     Faith    .   (armour unavailable)
rPois    .         Spirit   .   (helmet restricted)
rElec    .         Reflect  .   k - +0 cloak
rCorr    .         Harm     .   (no gloves)
MR       .....                  m - +0 pair of boots (curse)
Stlth    +.........             (no amulet)
HPRegen  0.12/turn              (no ring)
MPRegen  0.10/turn              (no ring)

@: no status effects
A: unfitting armour, cold-blooded, AC +5
a: no special abilities


You were on level 3 of the Dungeon.
You were not hungry.

You visited 1 branch of the dungeon, and saw 3 of its levels.

You collected 111 gold pieces.

Inventory:

Hand Weapons
 a - a +0 falchion (weapon)
Armour
 k - a +0 cloak (worn)
 m - a cursed +0 pair of boots (worn)
Jewellery
 h - an uncursed ring of ice {unknown}
Scrolls
 f - 2 scrolls of identify
 g - a scroll of random uselessness {unknown}
 i - a scroll of enchant armour {unknown}
 j - a scroll of enchant weapon {unknown}
 l - 2 scrolls of remove curse {unknown}
Potions
 e - a potion of brilliance
Comestibles
 c - 7 rations
 n - a chunk of flesh


   Skills:
 - Level 2.1 Fighting
 + Level 3.3 Long Blades
 + Level 3.2 Dodging
 - Level 2.0 Spellcasting
 + Level 3.6 Charms


You had 6 spell levels left.
You knew the following spells:

 Your Spells              Type           Power        Failure   Level  Hunger
a - Infusion              Chrm           #...         6%          1    ##.....

Your spell library contained the following spells:

 Spells                   Type           Power        Failure   Level  Hunger
 Song of Slaying          Chrm           #.......     10%         2    ###....
 Shroud of Golubria       Chrm/Tloc      #.....       21%         2    ###....
 Corona                   Hex            #......      28%         1    ##.....
 Regeneration             Chrm/Necr      #.........   38%         3    ####...
 Spectral Weapon          Hex/Chrm       #.......     38%         3    ####...
 Ensorcelled Hibernation  Hex/Ice        #.....       41%         2    ###....
 Confuse                  Hex            #.......     65%         3    ####...
 Dazzling Spray           Conj/Hex       #.....       65%         3    ####...
 Tukima's Dance           Hex            #.......     65%         3    ####...


Dungeon Overview and Level Annotations

Branches:
Dungeon (3/15)

Altars:


Innate Abilities, Weirdness & Mutations

Your plain brown scales are hard. (AC +5)
You cannot fit into any form of body armour.
You are cold-blooded and may be slowed by cold attacks.


Message History

* * * LOW HITPOINT WARNING * * *
Unknown command.
Okay, then.
You hit something! Something barely misses you.
You barely miss something. Something barely misses you.
Something hits you but does no damage.
You barely miss something.
You are no longer magically infusing your attacks.
Something hits you but does no damage. Something hits you.
* * * LOW HITPOINT WARNING * * *
You closely miss something. You tail-slap something.
You hear some strange, mumbled words.
A magic dart appears from out of thin air!
The magic dart hits you.
* * * LOW HITPOINT WARNING * * *
Unknown command.
You hear some strange, mumbled words.
A puff of flame appears from out of thin air!
The puff of flame hits you.
You die...

.......... .>$.....
....... ..... ....
###### #.w #..... #g#
#..... #)# #.....
##@###### #.....
##...#...######.....
##.........##........
#...........#........
#........รท...........
#............#.#.....
##...............##..
##.......##..#......
####.#####.##.....#


You could see a worm and a hobgoblin.

Vanquished Creatures
  5 adders
  An ooze (D:3)
  3 worms (D:2)
  2 dart slugs (D:1)
  2 leopard geckos
  4 orcs (D:3)
  9 bats
  2 giant cockroaches (D:2)
  7 hobgoblins
  11 kobolds
  4 goblins
  15 rats
65 creatures vanquished.

Notes
Turn   | Place    | Note
-------+----------+-------------------------------------------
     0 | D:1      | KristoblXynda the Draconian Skald began the quest for the
                  | Orb.
     0 | D:1      | Reached XP level 1. HP: 17/17 MP: 3/3
   320 | D:1      | Reached XP level 2. HP: 16/24 MP: 5/5
   878 | D:2      | Reached XP level 3. HP: 26/29 MP: 6/6
  1393 | D:2      | Reached XP level 4. HP: 33/36 MP: 7/7
  2383 | D:3      | Killed from afar by an orc wizard

Levels and vault maps discovered:
D:1:      dpeg_arrival_ratfight, layout_loops_cross
D:2:      layout_basic
D:3:      layout_rooms, first_ration

Skill      XL: |  1  2  3  4 |
---------------+-------------+-----
Charms         | 3 |  3.6
Long Blades    | 3 |  3.3
Dodging        | 3 |  3.2
Fighting       | |  2.1
Spellcasting   | |  2.0

Action                   |  1- 3 |  4- 6 || total
-------------------------+-------+-------++-------
Melee: Falchion          |   115 |   103 ||   218
       Tailslap          |    17 |     8 ||    25
 Cast: Infusion          |       |     1 ||     1
  Use: Potion            |       |     2 ||     2
       Scroll            |       |     1 ||     1
 Stab: Sleeping          |     1 |       ||     1
  Eat: Chunk             |       |     5 ||     5
Armor: Skin              |    50 |    32 ||    82
Dodge: Dodged            |    83 |    82 ||   165
       Rpst.: Falchion   |    19 |    27 ||    46

Table legend:
 A = Non-vault XP
 B = Vault XP
 C = Vault XP percentage of total XP
 D = Non-vault monster count
 E = Vault monster count
 F = Vault count percentage of total count
                 A         B        C        D         E       F
            +---------+---------+-------+---------+---------+-------
      Total |     178 |       5 |   2.7 |      60 |       5 |   7.7
            +---------+---------+-------+---------+---------+-------
        D:1 |      33 |       5 |  13.2 |      17 |       5 |  22.7
        D:2 |      96 |       0 |   0.0 |      25 |       0 |   0.0
        D:3 |      49 |       0 |   0.0 |      18 |       0 |   0.0
            +---------+---------+-------+---------+---------+-------
